Map: White Rabbit LE

Players

Flensaj - Winner!

  • Race: Zerg Zerg
  • Spawn Location: 1:00

VOD

Have the link to the VOD?

Description

Time

  • Played on: Jan. 5, 2026, 2:43 a.m.
  • Length: 24:43
Show
View Real Time Build Order
Export as new Build Order

Flensaj Zerg - Winner!

Build Orders:  

Get SALT Encoding   

  12  0:00  Drone  
  13  0:13  Drone  
  14  0:23  Overlord  
  14  0:48  Drone x2  
  14  0:49  Drone  
  17  1:12  Hatchery  
  16  1:24  Drone  
  17  1:40  Spawning Pool  
  17  1:46  Drone x2, Extractor  
  17  2:01  Drone  
  18  2:13  Drone  
  19  2:21  Overlord  
  19  2:34  Drone  
  20  2:49  Drone  
  21  2:54  Queen  
  21  2:56  Queen  
  25  3:02  Drone  
  26  3:13  Drone x2  
  28  3:25  Drone x2  
  30  3:44  Drone x2  
  32  3:55  Drone x2  
  34  4:06  Queen  
  36  4:16  Overlord x2  
  36  4:41  Drone  
  36  4:42  Drone x4  
  36  4:43  Drone x3  
  36  4:49  Metabolic Boost  
  46  4:57  Extractor  
  43  5:21  Lair  
  43  5:29  Extractor  
  42  5:31  Hatchery  
  42  5:32  Drone  
  42  5:33  Drone x2  
  44  5:44  Drone x4  
  44  5:45  Drone  
  49  5:51  Drone  
  49  5:52  Drone  
  51  6:35  Roach Warren, Queen  
  52  6:44  Evolution Chamber  
  51  6:53  Zergling x2  
  51  6:57  Overlord  
  51  6:58  Overlord  
  52  7:11  Drone x2  
  52  7:12  Drone x2  
  56  7:26  Drone  
  56  7:27  Drone  
  56  7:28  Drone  
  59  7:36  Extractor  
  59  7:37  Drone  
  59  7:40  Roach x2  
  59  7:41  Roach x2  
  59  7:49  Queen  
  69  8:04  Roach x2  
  69  8:08  Overlord x2  
  69  8:09  Overlord  
  73  8:16  Zerg Missile Weapons Level 1  
  73  8:55  Infestation Pit  
  72  9:03  Hydralisk Den  
  71  9:11  Roach x3  
  71  9:12  Roach x6  
  71  9:16  Overlord x2  
  71  9:18  Overlord  
  89  9:25  Drone  
  90  9:38  Queen  
  92  9:49  Hydralisk x7  
  106  9:50  Hydralisk x5  
  116  10:21  Lurker Den  
  116  10:29  Drone  
  116  10:30  Drone x2  
  118  10:51  Hydralisk  
  118  10:52  Hydralisk  
  118  10:56  Overlord x4  
  122  11:07  Unknown  
  122  11:22  Extractor  
  121  11:38  Drone  
  121  11:39  Drone x5  
  71  11:40  Drone  
  127  11:46  Extractor  
  127  11:48  Hydralisk x3  
  127  11:49  Hydralisk x9  
  151  11:53  Overlord x2  
  151  12:20  Lurker  
  152  12:37  Unknown  
  152  12:51  Hive  
  152  12:55  Drone x2  
  152  12:56  Drone  
  152  12:59  Drone  
  156  13:04  Lurker x4  
  160  13:27  Extractor  
  160  13:28  Hatchery  
  158  13:33  Hydralisk, Extractor  
  158  13:34  Hydralisk x5  
  129  14:14  Lurker x2  
  131  14:23  Drone x3  
  131  14:26  Drone x3  
  137  14:56  Lurker x3  
  137  14:57  Lurker x2  
  142  15:15  Hydralisk x5  
  142  15:19  Unknown  
  152  15:24  Zerg Missile Weapons Level 2  
  152  15:31  Overlord x3  
  152  15:32  Overlord x4  
  152  16:04  Lurker x4  
  152  16:05  Lurker  
  157  16:33  Hydralisk x2  
  157  16:34  Hydralisk x9  
  157  16:39  Unknown  
  179  16:50  Drone x3  
  179  16:51  Drone  
  157  17:46  Lurker  
  157  17:47  Lurker x5  
  157  17:48  Lurker  
  164  17:55  Hydralisk x3  
  164  17:56  Hydralisk x5  
  164  17:57  Hydralisk x3  
  186  18:26  Hydralisk x5  
  186  18:27  Hydralisk x2  
  197  19:04  Zerg Missile Weapons Level 3  
  189  19:35  Drone  
  189  19:36  Drone  
  191  20:19  Hatchery  
  157  21:37  Lurker  
  157  21:38  Lurker x6  
  157  21:39  Lurker x2  
  166  21:42  Hydralisk x5  
  166  21:43  Hydralisk x4  
  166  21:44  Hydralisk x2  
  188  21:59  Unknown  
  184  22:31  Hydralisk x7  
  184  22:32  Hydralisk  
  184  23:12  Extractor  
  184  23:13  Extractor  
  184  23:15  Hatchery  
  176  24:00  Hydralisk  
  176  24:01  Hydralisk x10  
  176  24:02  Hydralisk  
Tags
 
Add a new tag
Caveats
  • Supply blocks, unpowered buildings, or Contaminate may cause inaccurate times.
  • Supply counts are checked every 10 seconds.